 Dungeon Crawl Stone Soup version 0.28-a0-1567-g1695149f81 (webtiles) character file.

Game seed: 13623000649096173937

155 tatocazan the Sneak (level 5, -7/26 HPs)
             Began as a Spriggan Brigand on Jan 19, 2022.
             Killed from afar by a white imp (9 damage)
             ... with a puff of frost
             ... on level 3 of the Dungeon.
             The game lasted 00:02:50 (2293 turns).

tatocazan the Sneak (Spriggan Brigand)              Turns: 2293, Time: 00:02:50

Health: -7/26      AC:  5    Str: 13    XL:     5   Next: 14%
Magic:  6/6        EV: 18    Int: 13    God:
Gold:   92         SH:  0    Dex: 18    Spells: 4/4 levels left

rFire   . . .      SeeInvis +   a - +2 dagger
rCold   . . .      Faith    .   (no shield)
rNeg    . . .      Spirit   .   b - +0 robe
rPois   .          Reflect  .   (helmet restricted)
rElec   .          Harm     .   l - +2 cloak
rCorr   .          Rampage  .   (gloves unavailable)
Will    .....                   (boots unavailable)
Stlth   ++++......              (no amulet)
HPRegen 0.08/turn               h - +6 ring of strength
MPRegen 0.10/turn               (no ring)

@: very quick
A: very small, no large weapons, unfitting armour, see invisible, speed 3
a: no special abilities


You were on level 3 of the Dungeon.
You visited 1 branch of the dungeon, and saw 3 of its levels.
You also visited: Sewer.

You collected 92 gold pieces.

Inventory:

Hand Weapons
 a - a +2 dagger (weapon)
Missiles
 d - 10 poisoned darts (quivered)
 e - 2 curare-tipped darts
Armour
 b - a +0 robe (worn)
 l - a +2 cloak (worn)
 o - a +0 troll leather armour {Pargi}
Jewellery
 h - a +6 ring of strength (left hand)
Scrolls
 c - a scroll of immolation {unknown}
 f - 2 scrolls of teleportation {unknown}
 g - a scroll of blinking {unknown}
 j - a scroll of vulnerability {unknown}
 n - a scroll of magic mapping {unknown}
Potions
 i - 3 potions of curing {unknown}
 k - 2 potions of heal wounds {unknown}
 m - a potion of attraction {unknown}


   Skills:
 + Level 2.2 Fighting
 * Level 3.3 Short Blades
 + Level 2.7 Throwing
 + Level 2.9 Dodging
 * Level 7.2 Stealth


You had 4 spell levels left.
You didn't know any spells.
Your spell library contained the following spells:

 Spells                   Type           Power      Damage    Failure   Level
 Sandblast                Erth           0%         2d4       30%         1
 Ensorcelled Hibernation  Hex/Ice        0%         N/A       43%         2
 Passwall                 Tmut/Erth      0%         N/A       43%         2
 Spider Form              Tmut/Pois      0%         N/A       67%         3
 Stone Arrow              Conj/Erth      0%         3d7       67%         3
 Anguish                  Hex/Necr       0%         N/A       97%         4


Dungeon Overview and Level Annotations

Branches:
Dungeon (3/15)              Sewer (visited)

Altars:
Gozag


Innate Abilities, Weirdness & Mutations

You are very small and have problems with some larger weapons.
You are too small for most types of armour.
You have supernaturally acute eyesight. (SInv)
You cover ground extremely quickly. (Speed+++)


Message History

The worm closely misses you. The worm bites you.
You take 2 damage, and have 16/26 hp.
You hit the worm.
The worm is almost dead.
You hit the worm.
You kill the worm!
The worm closely misses you.
You hit the worm.
The worm is lightly wounded.
You hit the worm.
The worm is moderately wounded.
The worm bites you.
You take 5 damage, and have 11/26 hp.
You are too injured to fight recklessly!
You are too injured to fight recklessly!
You are too injured to fight recklessly!
You are too injured to fight recklessly!
A white imp comes into view.
The white imp shouts, "Turn tail, thou loggerheaded spleeny shrunken violet!"
The white imp moves out of view.
You hit the white imp.
The white imp is moderately wounded.
The white imp closely misses you.
You hit the white imp but do no damage.
The white imp is moderately wounded.
The white imp hits you but does no damage.
You barely miss the white imp.
The white imp is lightly wounded.
You closely miss the white imp.
The white imp is lightly wounded.
The white imp gestures at you. The puff of frost hits you!
* * * LOW HITPOINT WARNING * * *
You take 11 damage, and have 1/26 hp.
MASSIVE DAMAGE!!
Found 2 large rocks.
The white imp gestures at you. The puff of frost misses you.
The white imp gestures at you. The puff of frost hits you!
You die...

# ######...#####.
#.#..............
#................
#.#..............##.. #
####....?..###..#$$
##..#...#..##...$_
#...≈≈≈≈≈.......$$
#.#≈≈≈≈≈≈≈#.#.....
##@.≈≈≈≈≈≈≈..#....#
##...≈≈≈.≈≈≈.......#
#...≈≈≈≈≈≈≈≈≈.......
#....#..#≈≈≈≈≈≈≈#†.##..#
#.#.###...≈≈5≈≈.........
... #.#..#..≈#..#.#####
##. #.###............# #
## ###...#.##.#.#
#.#.w......#


You could see a white imp.

Vanquished Creatures
  Pargi (Sewer)
  A worm (D:3)
  A dart slug (D:2)
  5 ball pythons
  3 giant cockroaches
  3 hobgoblins
  11 jackals
  4 kobolds
  4 quokkas (D:1)
  5 bats
  2 frilled lizards
  5 goblins
  5 rats
50 creatures vanquished.

Notes
Turn   | Place    | Note
-------+----------+-------------------------------------------
     0 | D:1      | tatocazan the Spriggan Brigand began the quest for the Orb.
     0 | D:1      | Reached XP level 1. HP: 10/10 MP: 2/2
    89 | D:1      | Found a faded altar of an unknown god.
   221 | D:1      | Reached skill level 6 in Stealth
   477 | D:1      | Reached XP level 2. HP: 15/15 MP: 3/3
  1191 | D:2      | Reached XP level 3. HP: 14/18 MP: 4/4
  2081 | D:3      | Found a glowing drain.
  2090 | Sewer    | Entered a sewer
  2180 | Sewer    | Noticed Pargi
  2187 | Sewer    | Killed Pargi
  2188 | Sewer    | Reached skill level 7 in Stealth
  2188 | Sewer    | Reached XP level 4. HP: 23/23 MP: 5/5
  2188 | Sewer    | Reached XP level 5. HP: 26/26 MP: 6/6
  2241 | D:3      | Found an opulent altar of Gozag.
  2279 | D:3      | HP: 1/26 [white imp/puff of frost (11)]
  2293 | D:3      | Killed from afar by a white imp

Illustrated notes

Levels and vault maps discovered:
D:1:      minmay_arrival_radiant_lines, layout_loops_ring,
          chequers_ecumenical_altar_island
D:2:      layout_loops_ring
D:3:      layout_loops_cross, nicolae_hepliaklqana_hippocampus,
          nicolae_gozag_seed_capital, mainiacjoe_overflow_small_starburst,
          cheibrodos_sewer_entry_drain

Skill      XL: |  1  2  3 |
---------------+----------+-----
Stealth        | 6 7 |  7.2
Dodging        | 2 |  2.9
Fighting       | 2 |  2.2
Short Blades   | 3 |  3.3
Throwing       | |  2.7

Action                   |  1- 3 |  4- 6 || total
-------------------------+-------+-------++-------
Melee: Dagger            |   149 |    31 ||   180
       Punch             |       |     2 ||     2
 Stab: Sleeping          |    14 |       ||    14
Armor: Robe              |    25 |     2 ||    27
Dodge: Dodged            |   110 |    17 ||   127

Table legend: (Time is in decaauts)
 A = Elapsed time spent in this place.
 B = Non-inter-level travel time spent in this place.
 C = Inter-level travel time spent in this place.
 D = Time resting spent in this place.
 E = Time spent auto-exploring this place.
 F = Levels seen in this place.
 G = Mean time per level.
                   A        B        C        D        E       F      G
               +--------+--------+--------+--------+--------+-----+--------+
         Total |   1721 |   1699 |     22 |    207 |   1150 |   4 |  430.2 |
       Dungeon |   1608 |   1586 |     22 |    207 |   1077 |   3 |  536.0 |
         Sewer |    113 |    113 |      0 |      0 |     72 |   1 |  113.0 |
               +--------+--------+--------+--------+--------+-----+--------+

Top non-repeatable levels by time:
     D:1: 750 daAuts
     D:2: 747 daAuts
   Sewer: 113 daAuts
     D:3: 110 daAuts
